Map: Dusk Towers

Players

Clem - Winner!

  • Race: Protoss Protoss
  • League: Grandmaster

Miszu

  • Race: Terran Terran
  • League: Master

VOD

Have the link to the VOD?

Description

Time

  • Played on: April 9, 2016, 4:55 p.m.
  • Length: 13:33
Show
View Real Time Build Order
Export as new Build Order

Clem Protoss - Winner!

Build Orders: Oracle Opening 

Get SALT Encoding   

  12  0:01  Probe (Chrono Boost)  
  13  0:11  Probe (Chrono Boost)  
  14  0:18  Pylon  
  14  0:22  Probe (Chrono Boost)  
  15  0:36  Gateway, Probe (Chrono Boost)  
  16  0:43  Assimilator  
  16  0:47  Probe (Chrono Boost)  
  17  0:58  Probe (Chrono Boost)  
  18  1:05  Pylon  
  18  1:08  Probe (Chrono Boost)  
  19  1:25  Cybernetics Core  
  19  1:26  Zealot (Chrono Boost)  
  19  1:27  Probe  
  22  1:35  Assimilator  
  22  1:39  Probe  
  23  1:51  Probe  
  24  2:03  Adept (Chrono Boost)  
  24  2:04  Mothership Core  
  28  2:10  Pylon  
  28  2:11  Pylon  
  28  2:12  Pylon  
  28  2:16  Pylon  
  28  2:30  Pylon  
  28  2:37  Pylon  
  28  2:38  Pylon  
  27  2:47  Probe (Chrono Boost)  
  27  2:48  Stargate  
  24  3:20  Nexus  
  24  3:21  Probe (Chrono Boost)  
  25  3:29  Warp Gate  
  25  3:33  Oracle (Chrono Boost)  
  28  3:38  Probe  
  31  3:51  Probe  
  31  3:54  Adept  
  31  3:55  Pylon  
  32  4:04  Phoenix (Chrono Boost), Probe (Chrono Boost)  
  35  4:15  Probe (Chrono Boost)  
  36  4:22  Pylon  
  36  4:25  Adept  
  36  4:29  Phoenix  
  40  4:33  Probe (Chrono Boost)  
  41  4:52  Oracle (Chrono Boost)  
  41  4:58  Adept (Chrono Boost)  
  44  5:01  Gateway  
  44  5:04  Gateway  
  44  5:09  Probe (Chrono Boost)  
  44  5:10  Probe (Chrono Boost)  
  46  5:22  Oracle, Probe (Chrono Boost)  
  46  5:26  Probe (Chrono Boost)  
  51  5:32  Probe (Chrono Boost)  
  52  5:44  Adept  
  52  5:46  Nexus  
  52  5:49  Pylon  
  54  5:52  Probe (Chrono Boost)  
  54  5:54  Probe (Chrono Boost)  
  56  6:02  Adept  
  56  6:03  Adept, Probe (Chrono Boost)  
  61  6:06  Probe (Chrono Boost)  
  62  6:13  Probe (Chrono Boost)  
  62  6:18  Pylon, Probe (Chrono Boost)  
  64  6:19  Adept  
  64  6:20  Phoenix  
  64  6:24  Probe (Chrono Boost)  
  63  6:35  Probe (Chrono Boost)  
  63  6:37  Forge, Twilight Council  
  63  6:38  Probe (Chrono Boost)  
  65  6:44  Pylon  
  65  6:45  Assimilator x2  
  65  6:49  Pylon  
  65  6:50  Phoenix  
  67  6:57  Probe (Chrono Boost)  
  67  6:59  Probe (Chrono Boost)  
  69  7:05  Protoss Ground Weapons Level 1 (Chrono Boost)  
  66  7:09  Adept x3, Resonating Glaives  
  66  7:12  Pylon  
  72  7:17  Probe x3 (Chrono Boost)  
  75  7:29  Pylon, Probe x2  
  77  7:36  Phoenix (Chrono Boost)  
  79  7:44  Adept x3  
  83  7:45  Probe  
  83  7:48  Probe x2  
  88  7:57  Robotics Facility  
  88  7:59  Pylon  
  88  8:02  Probe x3  
  88  8:05  Pylon  
  91  8:10  Adept x2  
  95  8:13  Adept  
  95  8:17  Pylon  
  97  8:22  Oracle (Chrono Boost)  
  100  8:33  Blink  
  100  8:34  Adept x3  
  104  8:40  Pylon x2  
  106  8:44  Warp Prism (Chrono Boost)  
  108  8:55  Gateway  
  108  8:56  Gateway  
  108  8:57  Pylon  
  108  8:58  Gateway  
  108  9:08  Adept  
  108  9:09  Adept x2  
  112  9:13  Gateway  
  112  9:15  Gateway  
  112  9:29  Gateway  
  112  9:30  Gateway  
  112  9:33  Adept x2, Pylon  
  112  9:34  Adept, Protoss Ground Weapons Level 2  
  112  9:37  Gateway, Pylon  
  118  9:55  Pylon  
  118  9:57  Adept x5  
  118  9:58  Pylon  
  122  10:01  Adept, Pylon  
  120  10:23  Adept x4  
  120  10:24  Adept x4  
  120  10:27  Adept  
  120  10:28  Adept  
  140  10:45  Adept x2  
  140  10:46  Adept x6  
  126  10:50  Adept  
  126  10:52  Warp Prism (Chrono Boost)  
  108  11:14  Nexus  
  108  11:18  Adept  
  108  11:19  Adept x3  
  108  11:22  Probe x2, Assimilator x2  
  108  11:23  Probe  
  113  11:26  Pylon  
  97  11:50  Adept x4  
  97  11:51  Adept x6  
  103  11:58  Photon Cannon x2  
  89  12:27  Adept x6  
  89  12:28  Adept x4  
  89  12:29  Adept  
  111  12:33  Templar Archives  
  111  12:40  Probe  
  112  12:44  Pylon  
  112  12:47  Assimilator  
  112  12:50  Probe, Assimilator  
  109  13:03  Adept x2  
  109  13:04  Adept x5  
  109  13:05  Adept  
  103  13:27  High Templar x4  
  103  13:28  High Templar x4  
  103  13:30  High Templar  
  103  13:31  High Templar  
Show
View Real Time Build Order
Export as new Build Order

Miszu Terran 

Build Orders: Command Center First (CC), MMM Bio 

Get SALT Encoding   

  12  0:01  SCV  
  13  0:13  SCV  
  14  0:19  Supply Depot  
  14  0:28  SCV  
  15  0:40  SCV  
  16  0:52  SCV  
  17  0:59  Command Center  
  17  1:04  SCV  
  18  1:16  SCV  
  19  1:19  Barracks  
  19  1:29  SCV  
  19  1:31  Barracks  
  20  1:41  SCV  
  20  1:45  Barracks  
  21  1:53  SCV  
  22  2:10  Marine, Orbital Command  
  23  2:21  Marine  
  24  2:27  Marine  
  25  2:32  Marine  
  26  2:38  Marine  
  27  2:45  Marine  
  27  2:50  Marine  
  27  2:56  Marine  
  28  3:03  Marine  
  29  3:08  Marine  
  31  3:24  SCV  
  31  3:25  Marine, Barracks  
  33  3:28  Barracks  
  33  3:32  Orbital Command  
  31  3:36  SCV  
  32  3:44  Marine x2  
  32  3:46  Marine  
  35  3:49  SCV  
  35  3:53  Refinery x2  
  36  3:58  SCV  
  36  4:01  SCV  
  38  4:07  Supply Depot  
  38  4:19  Supply Depot  
  38  4:23  Barracks Tech Lab  
  38  4:28  Marine x4, SCV x2  
  38  4:40  SCV x2  
  38  4:41  Marine  
  37  4:46  Marine x4  
  37  4:52  SCV  
  38  4:59  Marine  
  37  5:00  SCV  
  37  5:03  Marine x2  
  37  5:04  SCV  
  40  5:10  Marine  
  40  5:12  SCV  
  42  5:16  Marine, SCV  
  42  5:17  Marine  
  42  5:24  SCV  
  43  5:29  SCV  
  44  5:36  SCV  
  44  5:41  Marine x4, SCV  
  51  5:44  Stimpack  
  51  5:48  Supply Depot  
  50  5:52  SCV  
  50  5:53  SCV  
  52  6:04  SCV  
  52  6:05  SCV  
  52  6:13  Marine  
  52  6:21  SCV  
  52  6:22  SCV  
  54  6:28  Factory  
  54  6:32  Supply Depot, Engineering Bay  
  54  6:33  Refinery, SCV  
  54  6:34  SCV  
  54  6:38  Barracks Reactor x2  
  54  6:39  Barracks Tech Lab  
  56  6:44  Barracks Tech Lab  
  56  6:46  Supply Depot  
  56  6:47  SCV  
  57  6:49  SCV  
  58  6:59  SCV  
  58  7:01  SCV  
  58  7:07  Combat Shields  
  58  7:10  Terran Infantry Weapons Level 1  
  58  7:11  SCV  
  58  7:13  SCV  
  60  7:18  Starport  
  60  7:23  SCV  
  60  7:25  SCV  
  60  7:29  Supply Depot  
  62  7:30  Marine  
  62  7:33  Factory Reactor  
  62  7:35  SCV  
  62  7:37  Marine x4, SCV  
  64  7:39  Marine  
  70  7:47  SCV  
  70  7:49  SCV  
  72  7:52  Supply Depot  
  72  7:53  Missile Turret  
  72  7:56  Missile Turret  
  72  7:59  SCV  
  72  8:02  SCV  
  72  8:03  Marine x2  
  76  8:11  SCV  
  77  8:14  Medivac x2, SCV  
  77  8:18  Supply Depot  
  82  8:23  SCV  
  82  8:24  Marine x2  
  82  8:25  Marine x4  
  82  8:26  SCV  
  90  8:33  Marine  
  91  8:35  SCV  
  92  8:42  Marine, SCV  
  92  8:43  Marine x3  
  92  8:44  Medivac x2  
  102  8:48  SCV  
  102  8:58  Command Center  
  102  8:59  Supply Depot  
  102  9:01  SCV  
  103  9:03  Supply Depot  
  99  9:15  Medivac  
  99  9:16  Factory Reactor  
  103  9:18  Terran Infantry Armor Level 1  
  103  9:19  Refinery  
  103  9:21  SCV  
  103  9:22  SCV  
  105  9:30  Supply Depot x2  
  105  9:32  Marine  
  105  9:33  Marine x6, SCV  
  105  9:37  SCV  
  112  9:40  Supply Depot  
  112  9:50  Marine x2  
  112  9:51  Marine x2  
  116  9:54  Widow Mine x2  
  116  9:56  Marine x3  
  123  10:01  SCV x2  
  125  10:08  Marine x2  
  125  10:09  Supply Depot  
  125  10:13  SCV x2  
  130  10:17  Orbital Command  
  129  10:22  Widow Mine x2  
  129  10:24  Missile Turret  
  129  10:25  SCV  
  134  10:29  Engineering Bay  
  134  10:32  Marauder, Armory  
  134  10:33  Marine  
  134  10:34  Marine  
  134  10:35  Marine  
  103  10:52  Marine  
  103  10:53  Marine x6  
  79  11:10  Marine  
  79  11:11  Marine x6  
  76  11:25  Widow Mine  
  76  11:27  Widow Mine  
  76  11:28  Marine  
  76  11:29  Marine x6  
  74  11:46  Marine x4  
  74  11:47  Marine x3  
  58  12:03  SCV x2  
  58  12:04  Marine x7  
  67  12:22  Marine x7  
  71  12:27  SCV  
  71  12:28  SCV  
  71  12:29  SCV  
  74  12:37  Widow Mine x2  
  74  12:39  Marine, SCV  
  74  12:40  Marine x5  
  74  12:43  Marine  
  85  12:57  Marine  
  85  12:58  Marine x4  
  70  13:13  Marine  
Tags
 
Add a new tag
Caveats
  • Supply blocks, unpowered buildings, or Contaminate may cause inaccurate times.
  • Supply counts are checked every 10 seconds.